 Dungeon Crawl Stone Soup version 0.30-a0-354-g6b83867211 (webtiles) character file.

Game seed: 13965012644706879321

798 IdlyInterested the Trooper (level 7, -13/60 HPs)
             Began as a Demonspawn Wanderer on Nov 7, 2022.
             Mangled by a two-headed ogre
             ... wielding a +0 giant club
              (23 damage)
             ... on level 5 of the Dungeon.
             The game lasted 00:15:55 (4658 turns).

IdlyInterested the Trooper (Demonspawn Wanderer)    Turns: 4658, Time: 00:15:55

Health: -13/60     AC:  3    Str: 14    XL:     7   Next: 58%
Magic:  11/11      EV: 11    Int: 11    God:
Gold:   198        SH:  4    Dex: 15    Spells: 12/12 levels left

rFire   . . .      SeeInvis +      - Unarmed
rCold   . . .      Faith    .    (no shield)
rNeg    . . .      Spirit   .    c - +1 ring mail
rPois   .          Reflect  .    (helmet unavailable)
rElec   .          Harm     .    (no cloak)
rCorr   .          Rampage  .    (no gloves)
Will    .....                    (no boots)
Stlth   +.........               (no amulet)
HPRegen 0.30/turn                r - ring of see invisible
MPRegen 0.12/turn                y - ring of wizardry

@: mighty
A: horns 3, condensation shield, hooves 1, deformed body
a: no special abilities


You were on level 5 of the Dungeon.
You visited 1 branch of the dungeon, and saw 5 of its levels.

You collected 278 gold pieces.
You spent 80 gold pieces at shops.

Inventory:

Hand Weapons
 i - a +0 hand axe
 m - a +0 long sword
 o - a +0 dagger
 q - a +2 dagger of freezing
Missiles
 k - 8 boomerangs
Armour
 a - an orb of light
 b - a +0 chain mail
 c - a +1 ring mail (worn)
 e - a +0 leather armour
Magical Staves
 A - a staff of cold
 C - a staff of poison
Jewellery
 r - a ring of see invisible (left hand)
 y - a ring of wizardry (right hand)
Wands
 v - a wand of flame (3)
Scrolls
 d - a scroll of fear
 n - a scroll of enchant armour
 p - a scroll of amnesia
 z - 2 scrolls of immolation
 B - a scroll of teleportation
Potions
 g - 2 potions of lignification
 h - a potion of cancellation
 j - a potion of resistance {unknown}
 u - 2 potions of curing
 w - a potion of invisibility {unknown}
 x - a potion of degeneration {unknown}


   Skills:
 + Level 7.3 Fighting
 * Level 0.7 Throwing
 - Level 2.0 Armour
 - Level 2.0 Dodging
 - Level 2.0 Stealth
 - Level 2.6 Unarmed Combat
 - Level 3.0 Spellcasting
 - Level 1.0 Ice Magic
 - Level 2.0 Evocations


You had 12 spell levels left.
You didn't know any spells.
Your spell library contained the following spells:

 Spells                   Type           Power      Damage    Failure   Level
 Freeze                   Ice            12%        1d3       14%         1
 Apportation              Tloc           2%         N/A       21%         1
 Slow                     Hex            4%         N/A       21%         1
 Hailstorm                Conj/Ice       2%         3d3       43%         3
 Confusing Touch          Hex            1%         N/A       50%         3
 Gell's Gravitas          Tloc           1%         N/A       50%         3
 Teleport Other           Tloc           1%         N/A       50%         3
 Vampiric Draining        Necr           1%         2d6       50%         3
 Alistair's Intoxication  Tmut/Pois      0%         N/A       99%         5
 Dispersal                Tloc           0%         N/A       100%        6


Dungeon Overview and Level Annotations

Branches:
Dungeon (5/15)
 Temple: D:4-7

Altars:
Ashenzari
Cheibriados
Okawaru
Qazlal
Ru
Trog
Uskayaw
Xom

Shops:
D:1 (   D:2 ([*:   D:4 [:


Innate Abilities, Weirdness & Mutations

You have a pair of large horns on your head.
A meltable shield of frost defends you. (SH +4)
You have large cloven feet.
Armour fits poorly on your strangely shaped body.


Message History

A two-headed ogre comes into view. It is wielding two +0 giant clubs.
You block the worm's attack.
You barely miss the worm.
You headbutt the worm, but do no damage.
The two-headed ogre shouts in stereo!
The worm bites you.
You hit the worm. You headbutt the worm.
The worm is heavily wounded.
You hit the worm.
The worm is severely wounded.
The worm barely misses you.
You hit the worm. You headbutt the worm.
You kill the worm!
Throw: 8 boomerangs
Press: ? - help, Shift-Dir - straight line, f - two-headed ogre
Aim: a two-headed ogre, wielding two +0 giant clubs (76% to hit)
You throw a boomerang. The boomerang hits the two-headed ogre.
The two-headed ogre is lightly wounded.
You feel very mighty all of a sudden.
You completely miss the two-headed ogre.
The two-headed ogre is lightly wounded.
The two-headed ogre barely misses you. You block the two-headed ogre's attack.
You punch the two-headed ogre!
The two-headed ogre is lightly wounded.
You hit the two-headed ogre.
The two-headed ogre is moderately wounded.
The two-headed ogre hits you with a +0 giant club!
The two-headed ogre barely misses you.
You hit the two-headed ogre.
The two-headed ogre is moderately wounded.
The two-headed ogre hits you with a +0 giant club! x2
* * * LOW HITPOINT WARNING * * *
It was a potion of mutation.
You feel extremely strange. The horns on your head grow some more.
Your feet thicken and deform.
Your body twists and deforms.
You barely miss the two-headed ogre. Your kick misses the two-headed ogre.
Your headbutt misses the two-headed ogre.
The two-headed ogre is moderately wounded.
The two-headed ogre hits you with a +0 giant club!!
You die...

#. ....... #. .......
#.####. .......
#...... .......
####### .......
####### .......
....... #..O### #
####### #.@.## .# #
#.###..###..#########
#....................
#######.############.
#.......#.#.###.
#.##..#.#.#...#.
#.#....<#.[.#...
#.#.##..........
#.#...........#.


You could see a two-headed ogre.

Vanquished Creatures
  Grinder (D:3)
  A water moccasin (D:5)
  A phantom (D:4)
  A necrophage (D:4)
  A howler monkey (D:4)
  2 quasits (D:4)
  Natasha (thrice) (D:3)
  2 orc wizards (D:5)
  4 adders
  A white imp (D:4)
  An ufetubus (D:4)
  2 worms
  5 orcs
  7 endoplasms
  2 giant cockroaches
  5 goblins
  4 hobgoblins (D:2)
  3 jackals (D:5)
  3 quokkas
  7 ball pythons
  5 bats
  A frilled lizard (D:3)
  11 kobolds
  5 rats
78 creatures vanquished.

Vanquished Creatures (others)
  3 demonic plants (D:4)
3 creatures vanquished.

Grand Total: 81 creatures vanquished

Notes
Turn   | Place    | Note
-------+----------+-------------------------------------------
     0 | D:1      | IdlyInterested the Demonspawn Wanderer began the quest for
                  | the Orb.
     0 | D:1      | IdlyInterested set off with the following items: a +0 club,
                  | a potion of berserk rage, a +0 helmet, a scroll of fear, a
                  | +0 leather armour, a potion of heal wounds; and the
                  | following spell memorised: Freeze; and the following spells
                  | available to memorise: Hailstorm.
     0 | D:1      | Reached XP level 1. HP: 16/16 MP: 4/4
   112 | D:1      | Found Nafotit's Antique Weapon Shop.
   341 | D:1      | Gained mutation: You have a pair of small horns on your
                  | head. [demonic ancestry]
   341 | D:1      | Reached XP level 2. HP: 21/23 MP: 6/6
   701 | D:2      | Found Ucozun's Weapon Shop.
   709 | D:2      | Reached skill level 3 in Fighting
   798 | D:2      | Found a broken altar of Ashenzari.
   867 | D:2      | Found Tilerej's Armour Shoppe.
  1149 | D:2      | Reached skill level 1 in Stealth
  1178 | D:2      | Gained mutation: You have a pair of horns on your head.
                  | [demonic ancestry]
  1178 | D:2      | Reached XP level 3. HP: 17/29 MP: 7/7
  1293 | D:2      | Found Qiaff's Vocational Training.
  1432 | D:2      | Found Manesag's General Store.
  1499 | D:2      | Found a faded altar of an unknown god.
  1839 | D:2      | Bought a potion of curing for 30 gold pieces
  1839 | D:2      | Bought a scroll of identify for 20 gold pieces
  2156 | D:3      | Found a stormy altar of Qazlal.
  2158 | D:3      | Found a shimmering altar of Xom.
  2248 | D:3      | Noticed Grinder
  2263 | D:3      | Killed Grinder
  2264 | D:3      | Reached skill level 5 in Fighting
  2264 | D:3      | Reached skill level 1 in Armour
  2264 | D:3      | Gained mutation: A meltable shield of frost defends you.
                  | (SH +4) [demonic ancestry]
  2264 | D:3      | Reached XP level 4. HP: 40/40 MP: 8/8
  2264 | D:3      | Reached XP level 5. HP: 46/46 MP: 9/9
  2264 | D:3      | Reached XP level 6. HP: 52/52 MP: 10/10
  2335 | D:3      | Noticed Natasha
  2346 | D:3      | Killed Natasha
  2512 | D:3      | Noticed Natasha
  2521 | D:3      | Killed Natasha
  2689 | D:3      | Noticed Natasha
  2699 | D:3      | Killed Natasha
  2700 | D:3      | Reached skill level 6 in Fighting
  2761 | D:2      | Bought a scroll of teleportation for 30 gold pieces
  3010 | D:4      | Found Noirhom's Book Boutique.
  3038 | D:4      | Found Ustro's Armour Emporium.
  3065 | D:3      | Found a sacrificial altar of Ru.
  3065 | D:3      | Found a bloodstained altar of Trog.
  3068 | D:3      | Found an iron altar of Okawaru.
  3262 | D:4      | Found a hide-covered altar of Uskayaw.
  3550 | D:4      | Reached skill level 1 in Evocations
  3550 | D:4      | Reached XP level 7. HP: 32/59 MP: 11/11
  4022 | D:4      | Found a snail-covered altar of Cheibriados.
  4061 | D:5      | Entered Level 5 of the Dungeon
  4391 | D:5      | Reached skill level 7 in Fighting
  4646 | D:5      | Noticed a two-headed ogre
  4657 | D:5      | Gained mutation: You have a pair of large horns on your
                  | head. [potion of mutation]
  4657 | D:5      | Gained mutation: You have large cloven feet. [potion of
                  | mutation]
  4657 | D:5      | Gained mutation: Armour fits poorly on your strangely
                  | shaped body. [potion of mutation]
  4658 | D:5      | Mangled by a two-headed ogre

Illustrated notes

Levels and vault maps discovered:
D:1:      dpeg_arrival_rooms_a, layout_rooms, serial_shops,
          nicolae_shop_hallway_plus, dreamdust_princess_bridge
D:2:      layout_loops_corners, basic_altar,
          shapermc_ecumenical_altar_hornbeckon, serial_shops, shop_statue, shop,
          nicolae_diamond_shop, nicolae_hexahallways, nicolae_shop_vocational
D:3:      kennysheep_six_static_rooms, layout_rooms,
          nicolae_overflow_hidden_temple, uniq_natasha, uniq_grinder
D:4:      layout_rooms, mainiacjoe_overflow_big_doors, serial_demonic,
          serial_demonic_b, serial_demonic_d, serial_demonic_c,
          serial_demonic_c, serial_shops, nicolae_lakefront_shop,
          nicolae_stop_n_shop_1, roderic_serpentine_path
D:5:      layout_basic, temple_hall, uniq_duvessa, uniq_blork_the_orc

Skill      XL: |  1  2  3  4  5  6  7 |
---------------+----------------------+-----
Fighting       | 3 5 6 7 |  7.3
Stealth        | 1 2 |  2.0
Armour         | 1 2 |  2.0
Dodging        | 2 |  2.0
Evocations     | 1 2 |  2.0
Throwing       | |  0.7
Unarmed Combat | |  2.6
Spellcasting   | |  3.0
Ice Magic      | |  1.0

Action                   |  1- 3 |  4- 6 |  7- 9 || total
-------------------------+-------+-------+-------++-------
Melee: Hand axe          |    28 |       |       ||    28
       Unarmed           |   124 |   158 |    82 ||   364
       Punch             |     3 |     3 |     1 ||     7
       Headbutt          |    20 |    26 |    16 ||    62
Throw: Boomerang         |       |       |     1 ||     1
  Use: Potion            |     1 |       |     5 ||     6
       Scroll            |       |     8 |     1 ||     9
 Stab: Sleeping          |     1 |       |       ||     1
Armor: Leather armour    |    13 |       |       ||    13
       Ring mail         |    49 |   100 |    19 ||   168
       Chain mail        |       |    11 |       ||    11
Dodge: Dodged            |    59 |   103 |    35 ||   197
Block: Other             |       |    32 |    21 ||    53

Table legend: (Time is in decaauts)
 A = Elapsed time spent in this place.
 B = Non-inter-level travel time spent in this place.
 C = Inter-level travel time spent in this place.
 D = Time resting spent in this place.
 E = Time spent auto-exploring this place.
 F = Levels seen in this place.
 G = Mean time per level.
                   A        B        C        D        E       F      G
               +--------+--------+--------+--------+--------+-----+--------+
         Total |   4683 |   4060 |    623 |    645 |   2343 |   5 |  936.6 |
       Dungeon |   4683 |   4060 |    623 |    645 |   2343 |   5 |  936.6 |
               +--------+--------+--------+--------+--------+-----+--------+

Top non-repeatable levels by time:
     D:2: 1486 daAuts
     D:4: 1180 daAuts
     D:3: 866 daAuts
     D:1: 641 daAuts
     D:5: 508 daAuts
